 Dungeon Crawl Stone Soup version 0.28-a0-474-g535839065c (webtiles) character file.

Game seed: 10756367307501319701

263 siradein the Shield-Bearer (level 6, -4/48 HPs)
             Began as a Human Fighter on Sept 15, 2021.
             Slain by a mummy (10 damage)
             ... in an ossuary.
             The game lasted 00:09:01 (4651 turns).

siradein the Shield-Bearer (Human Fighter)          Turns: 4651, Time: 00:09:02

Health: -4/48      AC:  9    Str: 18    XL:     6   Next: 43%
Magic:  6/6        EV:  7    Int:  8    God:
Gold:   119        SH:  0    Dex: 13    Spells: 5/5 levels left

rFire   . . .      SeeInvis .   c - +0 halberd
rCold   . . .      Faith    .   (shield currently unavailable)
rNeg    . . .      Spirit   .   g - +0 chain mail
rPois   .          Reflect  .   (no helmet)
rElec   .          Harm     .   (no cloak)
rCorr   .          Rampage  .   (no gloves)
Will    .....                   (no boots)
Stlth   ..........              (no amulet)
HPRegen 0.16/turn               (no ring)
MPRegen 0.10/turn               (no ring)

@: marked
A: no striking features
a: no special abilities


You were in an ossuary.
You visited 1 branch of the dungeon, and saw 4 of its levels.
You also visited: Ossuary.

You collected 119 gold pieces.

Inventory:

Hand Weapons
 c - a +0 halberd (weapon)
Armour
 g - a +0 chain mail (worn)
Scrolls
 a - a scroll of identify
 b - 2 scrolls of teleportation
 f - a scroll of silence {unknown}
 k - a scroll of noise {unknown}
 m - a scroll of enchant armour {unknown}
Potions
 d - a potion of might
 e - a potion of lignification
 h - a potion of curing
 i - a potion of ambrosia {unknown}
 j - a potion of cancellation {unknown}
 l - a potion of haste {unknown}
 n - a potion of attraction {unknown}


   Skills:
 + Level 4.2 Fighting
 + Level 3.4 Polearms
 + Level 4.2 Armour
 + Level 4.2 Shields


You had 5 spell levels left.
You didn't know any spells.
Your spell library contained the following spells:

 Spells                   Type           Power      Damage    Failure   Level
 Summon Guardian Golem    Hex/Summ       0%         N/A       100%        3
 Orb of Destruction       Conj           0%         N/A       100%        7
 Spellforged Servitor     Conj/Summ      0%         N/A       100%        7


Dungeon Overview and Level Annotations

Branches:
Dungeon (4/15)            Ossuary (1/1)
 Temple: D:4-7

Altars:
Vehumet

Shops:
D:1 [


Message History

The mummy hits you! The mummy completely misses you.
You hit the mummy.
The mummy is heavily damaged.
The mummy hits you!
You hit the mummy.
The mummy is almost destroyed.
The mummy hits you!
* * * LOW HITPOINT WARNING * * *
The hobgoblin zombie hits you but does no damage.
You are too injured to fight recklessly!
You are too injured to fight recklessly!
You are too injured to fight recklessly!
You are too injured to fight recklessly!
The hobgoblin zombie hits you.
* * * LOW HITPOINT WARNING * * *
You slash the mummy!
The mummy is severely damaged.
The hobgoblin zombie hits you but does no damage. 2 zombies come into view.
The hobgoblin zombie sets off the alarm!
The alarm trap emits a blaring wail!
A sentinel's mark forms upon you.
The hobgoblin zombie hits you but does no damage.
You closely miss the mummy.
The mummy is almost destroyed.
The mummy hits you but does no damage.
The hobgoblin zombie hits you but does no damage.
A hobgoblin zombie comes into view.
The hobgoblin zombie hits you.
* * * LOW HITPOINT WARNING * * *
You closely miss the mummy.
The mummy is almost destroyed.
The hobgoblin zombie hits you but does no damage.
The mummy hits you.
* * * LOW HITPOINT WARNING * * *
You hit the mummy.
The mummy is almost destroyed.
The hobgoblin zombie hits you but does no damage.
The mummy hits you!
You die...

#
.#.###########
.............##
...^..........#
...^^.∩Z∩Z....#
^.^.Z..Z.M@...#
....^....M...##
.#.###########
#


You could see 2 mummies and 4 hobgoblin zombies.

Vanquished Creatures
  Terence (D:2)
  An iguana (D:3)
  An orc wizard (D:3)
  A mummy (Ossuary)
  4 gnolls
  8 adders
  An adder skeleton (D:4)
  2 worms
  A dart slug (D:1)
  3 orcs (D:3)
  4 bats
  6 endoplasms
  A giant cockroach (D:3)
  5 goblins
  7 hobgoblins
  5 kobolds
  A quokka (D:2)
  5 ball pythons
  A frilled lizard (D:2)
  4 rats
62 creatures vanquished.

Notes
Turn   | Place    | Note
-------+----------+-------------------------------------------
     0 | D:1      | siradein the Human Fighter began the quest for the Orb.
     0 | D:1      | Reached XP level 1. HP: 18/18 MP: 1/1
   415 | D:1      | Reached XP level 2. HP: 18/24 MP: 2/2
   502 | D:1      | Found Hafrat's Antique Armour Shoppe.
  1322 | D:1      | Reached XP level 3. HP: 28/29 MP: 3/3
  1621 | D:2      | Reached XP level 4. HP: 28/35 MP: 4/4
  2264 | D:2      | Found a faded altar of an unknown god.
  2306 | D:2      | Reached XP level 5. HP: 42/42 MP: 5/5
  2655 | D:3      | Noticed Terence
  2808 | D:2      | Killed Terence
  3469 | D:3      | HP: 1/42 [gnoll (6)]
  3772 | D:2      | Reached XP level 6. HP: 36/48 MP: 6/6
  4597 | D:4      | Found a radiant altar of Vehumet.
  4624 | D:4      | Found a sand-covered staircase.
  4632 | Ossuary  | Entered an ossuary
  4651 | Ossuary  | Slain by a mummy

Illustrated notes

Levels and vault maps discovered:
D:1:      co_arrival_random_square_maze, layout_basic, serial_shops,
          nicolae_shop_overgrown_old_shop, dk_noncrumbling_4, dk_noncrumbling_3,
          chequers_avenue
D:2:      kennysheep_big_flooded_room, layout_rooms,
          shapermc_ecumenical_altar_ellora, kennysheep_cluttered_room,
          minmay_statues_item, chequers_serial_rivers_room_b
D:3:      layout_basic, kennysheep_generic_room_8, uniq_terence
D:4:      layout_gridville, mainiacjoe_overflow_brackets,
          cheibrodos_sewer_entry_bend, chequers_ossuary_entry_cave,
          hangedman_decor_peaks_small, uniq_menkaure
Ossuary:  ossuary_the_hunt_dpeg

Skill      XL: |  1  2  3  4  5 |
---------------+----------------+-----
Polearms       | 3 |  3.4
Shields        | 4 |  4.2
Fighting       | 4 |  4.2
Armour         | 4 |  4.2

Action                   |  1- 3 |  4- 6 || total
-------------------------+-------+-------++-------
Melee: Trident           |    76 |   177 ||   253
       Halberd           |       |    54 ||    54
  Use: Scroll            |       |     3 ||     3
Armor: Scale mail        |     9 |       ||     9
       Chain mail        |    39 |    94 ||   133
Dodge: Dodged            |    22 |    66 ||    88
Block: Buckler           |    19 |    34 ||    53

Table legend: (Time is in decaauts)
 A = Elapsed time spent in this place.
 B = Non-inter-level travel time spent in this place.
 C = Inter-level travel time spent in this place.
 D = Time resting spent in this place.
 E = Time spent auto-exploring this place.
 F = Levels seen in this place.
 G = Mean time per level.
                   A        B        C        D        E       F      G
               +--------+--------+--------+--------+--------+-----+--------+
         Total |   4723 |   4596 |    127 |    802 |   2811 |   5 |  944.6 |
       Dungeon |   4701 |   4574 |    127 |    802 |   2811 |   4 | 1175.2 |
       Ossuary |     21 |     21 |      0 |      0 |      0 |   1 |   21.0 |
               +--------+--------+--------+--------+--------+-----+--------+

Top non-repeatable levels by time:
     D:2: 2047 daAuts
     D:1: 1319 daAuts
     D:3: 1200 daAuts
     D:4: 134 daAuts
 Ossuary: 21 daAuts
